 Dungeon Crawl Stone Soup version 0.27-a0-25-g087482e4d5 (webtiles) character file.

Game seed: 9197605642336765473

884 Essalna the Grasshopper (level 8, -1/63 HPs)
             Began as a Gnoll Warper on Jan 3, 2021.
             Was an Initiate of Ashenzari.
             Slain by a hornet (13 damage)
             ... on level 5 of the Dungeon.
             The game lasted 00:15:24 (5788 turns).

Essalna the Grasshopper (Gnoll Warper)              Turns: 5788, Time: 00:15:25

Health: -1/63      AC:  7    Str: 15    XL:     8   Next: 5%
Magic:  16/16      EV: 18    Int: 23    God:    Ashenzari [......]
Gold:   304        SH:  0    Dex: 14    Spells: 18/18 levels left

rFire    . . .     SeeInvis .   n - +0 short sword (speed)
rCold    . . .     Faith    .   (no shield)
rNeg     . . .     Spirit   .   b - +0 leather armour
rPois    .         Reflect  .   r - +2 helmet
rElec    .         Harm     .   (no cloak)
rCorr    .         Rampage  .   (no gloves)
Will     .....                  u - +0 pair of boots
Stlth    ++........             y - amulet of regeneration
HPRegen  0.60/turn              m - +4 ring of evasion (curse)
MPRegen  0.15/turn              c - +6 ring of intelligence (curse)

@: lethally poisoned (-1 -> -2), hasted and slowed
A: distributed training, fangs 1, strong nose
a: Renounce Religion, Curse Item


You were on level 5 of the Dungeon.
You worshipped Ashenzari.
Ashenzari was noncommittal.
You visited 1 branch of the dungeon, and saw 5 of its levels.

You collected 304 gold pieces.

Inventory:

Hand Weapons
 a - a +0 spear
 i - a +1 trident
 n - a +0 short sword of speed (weapon)
Missiles
 l - 24 poisoned darts (quivered)
Armour
 b - a +0 leather armour (worn)
 r - a +2 helmet (worn)
 u - a +0 pair of boots (worn)
Jewellery
 c - a cursed +6 ring of intelligence (right hand)
 f - an uncursed ring of protection from cold
 k - an uncursed ring of protection from cold
 m - a cursed +4 ring of evasion (left hand)
 y - an amulet of regeneration (around neck)
Wands
 e - a wand of random effects (17)
Scrolls
 d - 3 scrolls of blinking
 o - 2 scrolls of teleportation {unknown}
 p - 2 scrolls of immolation {unknown}
 s - a scroll of amnesia
 w - 2 scrolls of fear {unknown}
 x - a scroll of magic mapping {unknown}
 C - a scroll of enchant armour {unknown}
Potions
 h - 2 potions of curing
 j - a potion of brilliance
 q - 2 potions of mutation
 t - a potion of attraction
 z - a potion of lignification
 B - a potion of ambrosia


   Skills:
 + Level 5.4 Fighting
 + Level 2.9 Short Blades
 + Level 2.9 Long Blades
 + Level 2.9 Axes
 + Level 2.9 Maces & Flails
 + Level 5.4 Polearms
 + Level 2.9 Staves
 + Level 2.9 Slings
 + Level 2.9 Bows
 + Level 2.9 Crossbows
 + Level 3.9 Throwing
 + Level 3.9 Armour
 + Level 5.4 Dodging
 + Level 2.9 Stealth
 + Level 2.9 Shields
 + Level 2.9 Unarmed Combat
 + Level 5.8 Spellcasting
 + Level 2.3 Conjurations
 + Level 2.3 Hexes
 + Level 2.3 Summonings
 + Level 2.3 Necromancy
 + Level 6.0 Translocations
 + Level 2.3 Transmutations
 + Level 2.3 Fire Magic
 + Level 2.3 Ice Magic
 + Level 2.3 Air Magic
 + Level 2.3 Earth Magic
 + Level 2.3 Poison Magic
 + Level 3.2 Invocations
 + Level 2.9 Evocations


You had 18 spell levels left.
You didn't know any spells.
Your spell library contained the following spells:

 Spells                   Type           Power        Failure   Level
 Blink                    Tloc           N/A          1%          2
 Gell's Gravitas          Tloc           17%          2%          3
 Lesser Beckoning         Tloc           17%          2%          3
 Teleport Other           Tloc           34%          2%          3
 Magic Dart               Conj           68%          4%          1
 Call Imp                 Summ           17%          6%          2
 Slow                     Hex            17%          6%          2
 Passage of Golubria      Tloc           N/A          9%          4
 Conjure Flame            Conj/Fire      17%          12%         3
 Mephitic Cloud           Conj/Pois/Air  17%          12%         3


Dungeon Overview and Level Annotations

Branches:
Dungeon (5/15)             Temple (0/1) D:5

Altars:
Ashenzari
Cheibriados
Elyvilon
Ru

Shops:
D:4 }


Innate Abilities, Weirdness & Mutations

Your experience applies equally to all skills.
You have very sharp teeth.
Your uncanny sense of smell can sniff out nearby items.


Message History

The hornet stings you.
You are more poisoned.
You suddenly lose the ability to move!
You feel sick. The hornet stings you!
You feel yourself slow down.
You feel yourself speed up.
You feel sick. The hornet stings you.
You are more poisoned.
You shrug off the repeated paralysis!
The hornet stings you.
* * * LOW HITPOINT WARNING * * *
You feel yourself slow down.
You feel sick. The hornet stings you!
* * * LOW HITPOINT WARNING * * *
You feel as though you will be slow longer.
You can move again.
You feel better. The hornet stings you.
* * * LOW HITPOINT WARNING * * *
You are poisoned.
You feel as though you will be slow longer.
The hornet stings you!
You die...

#.....#............... #......
+.....#............... #......
#.....#............... #......
#.....#....##....########......
#.....#....###'#####...........
#.....#.....#......#....<......
#.....'.....#....>.#...........
#.....#.....#......#...........
+##.....#....##|@...##...........
.......#####+##.y...#.....####+##
.......# ..?..$.#.....# ...
.......# .........#.....# ...
.......# ...........#..... ...
.......##############.... ..#
+##'#..................##########
....#..................'.........
....#..................#.........


You could see a hornet.

Vanquished Creatures
  The ghost of Hempel the Shield-Bearer, a novice MiFi of Zin (D:5)
  A bullfrog (D:4)
  A bullfrog skeleton (D:4)
  A hound (D:4)
  2 orc priests
  An iguana (D:5)
  2 orc wizards (D:4)
  2 worker ants (D:4)
  8 adders
  4 gnolls (D:3)
  A howler monkey skeleton (D:5)
  A white imp (D:5)
  An ooze (D:1)
  An adder skeleton (D:4)
  A worm (D:2)
  3 dart slugs
  5 leopard geckos
  11 orcs
  7 bats
  5 giant cockroaches
  10 goblins
  12 hobgoblins
  8 jackals
  2 quokkas
  2 ball pythons (D:2)
  6 frilled lizards
  A jackal skeleton (D:4)
  8 kobolds
  A leopard gecko skeleton (D:4)
  9 rats
118 creatures vanquished.

Notes
Turn   | Place    | Note
-------+----------+-------------------------------------------
     0 | D:1      | Essalna the Gnoll Warper began the quest for the Orb.
     0 | D:1      | Reached XP level 1. HP: 20/20 MP: 6/6
   148 | D:1      | Reached XP level 2. HP: 7/26 MP: 7/7
   915 | D:1      | Reached XP level 3. HP: 30/31 MP: 9/9
   935 | D:1      | Reached skill level 5 in Spellcasting
  1407 | D:1      | Reached skill level 1 in Invocations
  1630 | D:2      | Reached skill level 1 in Short Blades
  1630 | D:2      | Reached skill level 1 in Long Blades
  1630 | D:2      | Reached skill level 1 in Axes
  1630 | D:2      | Reached skill level 1 in Maces & Flails
  1630 | D:2      | Reached skill level 1 in Staves
  1630 | D:2      | Reached skill level 1 in Slings
  1630 | D:2      | Reached skill level 1 in Bows
  1630 | D:2      | Reached skill level 1 in Crossbows
  1630 | D:2      | Reached skill level 1 in Stealth
  1630 | D:2      | Reached skill level 1 in Shields
  1630 | D:2      | Reached skill level 1 in Unarmed Combat
  1630 | D:2      | Reached skill level 1 in Evocations
  1762 | D:2      | Reached XP level 4. HP: 26/38 MP: 11/11
  2375 | D:2      | Reached skill level 1 in Conjurations
  2375 | D:2      | Reached skill level 1 in Hexes
  2375 | D:2      | Reached skill level 1 in Summonings
  2375 | D:2      | Reached skill level 1 in Necromancy
  2375 | D:2      | Reached skill level 1 in Transmutations
  2375 | D:2      | Reached skill level 1 in Fire Magic
  2375 | D:2      | Reached skill level 1 in Ice Magic
  2375 | D:2      | Reached skill level 1 in Air Magic
  2375 | D:2      | Reached skill level 1 in Earth Magic
  2375 | D:2      | Reached skill level 1 in Poison Magic
  3035 | D:3      | Reached XP level 5. HP: 43/43 MP: 12/12
  3062 | D:3      | Found a snail-covered altar of Cheibriados.
  3934 | D:3      | Found a white marble altar of Elyvilon.
  3934 | D:3      | Found a sacrificial altar of Ru.
  4249 | D:4      | Reached XP level 6. HP: 50/50 MP: 14/14
  4338 | D:4      | Reached skill level 5 in Fighting
  4338 | D:4      | Reached skill level 5 in Polearms
  4338 | D:4      | Reached skill level 5 in Dodging
  4507 | D:4      | Found Gocuvur's Gadget Boutique.
  4892 | D:4      | Found a broken altar of Ashenzari.
  4921 | D:4      | Reached XP level 7. HP: 56/56 MP: 15/15
  5249 | D:4      | Became a worshipper of Ashenzari the Shackled
  5262 | D:5      | Entered Level 5 of the Dungeon
  5398 | D:5      | Found a staircase to the Ecumenical Temple.
  5461 | D:5      | Found a runed translucent door.
  5464 | D:5      | Noticed Hempel's ghost (novice MiFi)
  5520 | D:5      | Killed Hempel's ghost
  5521 | D:5      | Reached skill level 6 in Translocations
  5521 | D:5      | Reached XP level 8. HP: 63/63 MP: 16/16
  5772 | D:5      | Noticed a hornet
  5784 | D:5      | Paralysed by a hornet for 3 turns
  5788 | D:5      | Slain by a hornet

Illustrated notes

Levels and vault maps discovered:
D:1:      minmay_arrival_shattered_statue, layout_loops_ring,
          minmay_strange_pillars
D:2:      layout_rooms, minmay_pentomino_o2
D:3:      layout_basic, gammafunk_temple_overflow_wave, roderic_lattice_a,
          kennysheep_slug_shrine
D:4:      layout_loops_cross, serial_shops, shop, ashenzari_altar_1
D:5:      layout_gridville, minmay_temple_entry_large_hall,
          ebering_ghost_sewer_d

Skill      XL: |  1  2  3  4  5  6  7 |
---------------+----------------------+-----
Spellcasting   | 5 |  5.8
Invocations    | 1 2 3 |  3.2
Short Blades   | 1 2 |  2.9
Long Blades    | 1 2 |  2.9
Axes           | 1 2 |  2.9
Maces & Flails | 1 2 |  2.9
Staves         | 1 2 |  2.9
Slings         | 1 2 |  2.9
Bows           | 1 2 |  2.9
Crossbows      | 1 2 |  2.9
Stealth        | 1 2 |  2.9
Shields        | 1 2 |  2.9
Unarmed Combat | 1 2 |  2.9
Evocations     | 1 2 |  2.9
Conjurations   | 1 2 |  2.3
Hexes          | 1 2 |  2.3
Summonings     | 1 2 |  2.3
Necromancy     | 1 2 |  2.3
Transmutations | 1 2 |  2.3
Fire Magic     | 1 2 |  2.3
Ice Magic      | 1 2 |  2.3
Air Magic      | 1 2 |  2.3
Earth Magic    | 1 2 |  2.3
Poison Magic   | 1 2 |  2.3
Throwing       | 3 |  3.9
Armour         | 3 |  3.9
Fighting       | 5 |  5.4
Polearms       | 5 |  5.4
Dodging        | 5 |  5.4
Translocations | 6 |  6.0

Action                   |  1- 3 |  4- 6 |  7- 9 || total
-------------------------+-------+-------+-------++-------
Melee: Spear             |   120 |       |       ||   120
       Bite              |     5 |    39 |    14 ||    58
       Trident           |    23 |    66 |       ||    89
       Short sword       |       |   275 |   135 ||   410
       Punch             |       |     2 |     1 ||     3
Throw: Boomerang         |     5 |       |       ||     5
Invok: Curse Item        |       |       |     2 ||     2
  Use: Scroll            |       |     4 |     6 ||    10
       Potion            |       |       |     5 ||     5
 Stab: Sleeping          |       |     1 |     2 ||     3
Armor: Leather armour    |    15 |    49 |    11 ||    75
       Skin              |       |       |    15 ||    15
Dodge: Dodged            |    71 |   272 |    49 ||   392

Table legend: (Time is in decaauts)
 A = Elapsed time spent in this place.
 B = Non-inter-level travel time spent in this place.
 C = Inter-level travel time spent in this place.
 D = Time resting spent in this place.
 E = Time spent auto-exploring this place.
 F = Levels seen in this place.
 G = Mean time per level.
                   A        B        C        D        E       F      G
               +--------+--------+--------+--------+--------+-----+--------+
         Total |   5620 |   5518 |    102 |      8 |   4563 |   5 | 1124.0 |
       Dungeon |   5620 |   5518 |    102 |      8 |   4563 |   5 | 1124.0 |
               +--------+--------+--------+--------+--------+-----+--------+

Top non-repeatable levels by time:
     D:1: 1560 daAuts
     D:3: 1436 daAuts
     D:2: 1195 daAuts
     D:4: 952 daAuts
     D:5: 476 daAuts
